 Dungeon Crawl Stone Soup version 0.31.0-4-g52a2dc7128 (webtiles) character file.

Game seed: 2925811584379239905

15 stipulation the Ruffian (level 2, 12/26 HPs)
             Began as a Ghoul Monk on Jan 21, 2024.
             Quit the game on level 1 of the Dungeon.
             The game lasted 00:00:47 (162 turns).

stipulation the Ruffian (Ghoul Monk)                 Turns: 162, Time: 00:00:47

Health: 12/26      AC:  2    Str: 14    XL:     2   Next: 50%
Magic:  2/2        EV: 12    Int:  9    God:
Gold:   0          SH:  0    Dex: 11    Spells: 1/1 levels left

rFire   . .          .
                       - Unarmed
rCold   + . .        c - orb {light}
rNeg    + + +        a - +0 robe
rPois   ∞            (no helmet)
rElec   .            (no cloak)
rCorr   .            (no gloves)
SInv    .            (no boots)
Will    .....        (no amulet)
Stlth   +            (no ring)
HPRegen 0.24/turn    (no ring)
MPRegen 0.08/turn

%: no passive effects
@: glowing
A: claws 1, cold resistance 1, negative energy resistance 3, inhibited
regeneration, torment resistance 2, devour on kill
a: no special abilities


You were on level 1 of the Dungeon.
You visited 1 branch of the dungeon, and saw 1 of its levels.

Inventory:

Armour
 a - a +0 robe (worn)
 c - an orb of light (worn)
Scrolls
 f - 2 scrolls of identify {unknown}
Potions
 b - a potion of ambrosia
 d - a potion of heal wounds {unknown}
 e - a potion of attraction {unknown}


   Skills:
 - Level 3.2 Fighting
 - Level 2.6 Dodging
 + Level 4.2 Unarmed Combat


You had one spell level left.
You didn't know any spells.
Your spell library was empty.

Dungeon Overview and Level Annotations

Branches:
Dungeon (1/15)

Altars:


Innate Abilities, Weirdness & Mutations

You are immune to poison.
You have sharp fingernails.
Your flesh is cold resistant. (rC+)
You are immune to negative energy. (rN+++)
You do not regenerate when monsters are visible.
You are immune to unholy pain and torment.
You thrive by killing the living.


Message History

A jackal comes into view.
The jackal barks!
You see here a +0 club.
You completely miss the jackal. The jackal bites you.
You claw the jackal!
You kill the jackal!
A jackal comes into view.
The jackal moves out of view.
You see here a +0 club.
You see here a giant cockroach corpse.
A jackal is nearby!
A jackal is nearby!
A jackal is nearby!
You are too injured to fight recklessly!
You are too injured to fight recklessly!
You are too injured to fight recklessly!
You are too injured to fight recklessly!
You are too injured to fight recklessly!
You are too injured to fight recklessly!
You are too injured to fight recklessly!
The jackal barely misses you.
You see here a giant cockroach corpse.
You scratch the jackal.
The jackal is lightly wounded.
The jackal bites you.
You scratch the jackal but do no damage.
The jackal is lightly wounded.
The jackal bites you but does no damage.
You scratch the jackal but do no damage.
The jackal is lightly wounded.
The jackal bites you.
The jackal bites you but does no damage.
You scratch the jackal but do no damage.
The jackal is lightly wounded.
The jackal bites you.
You scratch the jackal.
You kill the jackal!
You see here a +0 club.
You see here a +0 club.
Are you sure you want to abandon this character and quit the game? (Confirm with "yes".)

#..#### ....## #
#.#####..####.# #........)†...#
##########.####.#
#.....#.......# #.##.......##.#
#.##...)##.# #####.##@...# ...
#.....##....######
#.....##........
#.....++....#### #............#
###########†.......## ###
#(.......†..........###.#######
#..................#...#......#
#.................#8.⌠..#.....#


There were no monsters in sight!

Vanquished Creatures
  A dart slug (D:1)
  A giant cockroach (D:1)
  6 jackals (D:1)
  A kobold (D:1)
  A bat (D:1)
  A rat (D:1)
11 creatures vanquished.

Notes
Turn   | Place    | Note
-------+----------+-------------------------------------------
     0 | D:1      | stipulation the Ghoul Monk began the quest for the Orb.
     0 | D:1      | Reached XP level 1. HP: 19/19 MP: 1/1
    52 | D:1      | Found a faded altar of an unknown god.
   118 | D:1      | Reached XP level 2. HP: 16/26 MP: 2/2
   121 | D:1      | Reached skill level 4 in Unarmed Combat
   162 | D:1      | Quit the game

Illustrated notes

Levels and vault maps discovered:
D:1:      heliophobic_arrival_battle_scene, layout_basic,
          shapermc_ecumenical_altar_venn, serial_park_tiny_2

Skill      XL: |  1  2 |
---------------+-------+-----
Unarmed Combat | 4 |  4.2
Fighting       | |  3.2
Dodging        | |  2.6

Action                     || total
---------------------------++-------
  Melee: Unarmed           ||    36
 Armour: Robe              ||    24
  Dodge: Dodged            ||    22
